 Dungeon Sprint DCSS version 0.16-a0-3803-gd4b2de5 (console) character file.

1048 Monkaria the Fencer (level 8, -11/85 HPs)
             Began as a Hill Orc Fighter on Jan 26, 2015.
             Was a Plaything of Xom.
             Killed from afar by an efreet (28 damage)
             ... with a fireball
             ... in the Dungeon (Sprint IX: "|||||||||||||||||||||||||||||").
             The game lasted 00:02:27 (641 turns).

Monkaria the Fencer (Hill Orc Fighter)               Turns: 641, Time: 00:02:28

Health: -11/85     AC: 10    Str: 24    XL:     8   Next: 25%
Magic:  8/8        EV:  7    Int:  8    God:    Xom [......]
Gold:   0          SH: 10    Dex: 13    Spells: 0 memorised, 7 levels left

rFire  . . .     SeeInvis .     p - +2 scimitar {freeze, MR+ Stlth+}
rCold  . . .     Clarity  .     s - +1 scale mail
rNeg   . . .     SustAb   .     c - +0 shield
rPois  .         Gourm    .     r - +0 helmet
rElec  .         Spirit   .     (no cloak)
rCorr  .         Warding  .     (no gloves)
rMut   .         NoTele   +     q - +0 pair of boots
MR     +....                    (no amulet)
Stlth  +.........               u - +3 ring of dexterity
                                t - +3 ring of strength

@: somewhat resistant to hostile enchantments, very unstealthy
A: no striking features
a: Renounce Religion


You were in the Dungeon.
You worshipped Xom.
You were a very special plaything of Xom.
You were not hungry.

You visited 1 branch

Inventory:

Hand weapons
 p - the +2 scimitar of Defiance (weapon) {freeze, MR+ Stlth+}
   (You found it in the Dungeon)

   It has been specially enchanted to freeze those struck by it, causing extra
   injury to most foes and up to half again as much damage against particularly
   susceptible opponents.
   It can also slow down cold-blooded creatures.
   It affects your resistance to hostile enchantments.
   It makes you more stealthy.
Armour
 c - a +0 shield (worn)
 q - a +0 pair of boots (worn)
 r - a +0 helmet (worn)
 s - a +1 scale mail (worn)
Jewellery
 t - a +3 ring of strength (left hand)
 u - a +3 ring of dexterity (right hand)
Magical devices
 o - a wand of draining (3)
Scrolls
 k - 2 scrolls of blinking
 m - 3 scrolls of remove curse
 n - 2 scrolls of amnesia
Potions
 e - a potion of might
 f - 4 potions of curing
 g - a potion of invisibility
 h - a potion of haste
 i - 4 potions of magic
 j - a potion of berserk rage
Comestibles
 d - a meat ration


   Skills:
 + Level 12.4 Fighting
 * Level 15.0 Long Blades
 - Level 3.2 Armour
 - Level 3.2 Shields


You had 7 spell levels left.
You didn't know any spells.

Dungeon Overview and Level Annotations

Branches:
Dungeon (1/1)

Altars:
Cheibriados
Dithmenos
Elyvilon
Fedhas
Gozag
Kikubaaqudgha
Makhleb
Nemelex Xobeh
Okawaru
Qazlal
Ru
Sif Muna
Trog
Vehumet
Xom
Yredelemnul
Zin
The Shining One
Beogh
Jiyva
Lugonu


Message History

The cyclops is almost dead.
The bolt of negative energy hits the manticore.
The manticore is drained!
You kill the manticore!
Your Fighting skill increases to level 12!
Your Long Blades skill gained 2 levels and is now at level 15!
You have reached level 8!
The bolt of negative energy hits the giant frog.
The giant frog is drained!
The giant frog is heavily wounded.
This wand has 3 charges left.
The efreet gestures at you. The bolt of fire hits you!
* * * LOW HITPOINT WARNING * * *
Drink which item? (? for menu, Esc to quit)
You feel better. The efreet gestures at you.
The fireball explodes!
The fireball engulfs you!
You die...
Xom roars with laughter!

▓+▓
▓.▓
▓.▓
▓.▓
▓H▓
▓F▓
▓C▓
▓R▓
▓@▓
▓.▓
▓.▓
▓.▓
▓.▓
▓.▓
▓)▓
▓(▓
▓(▓


You could see a cyclops, a hippogriff, an efreet and a giant frog.

Vanquished Creatures
  A hill giant (D)
  A manticore (D)
  An ice beast (D)
  A centaur (D)
  A jelly (D)
  2 worker ants (D)
  An adder (D)
  A white imp (D)
  An adder zombie (D)
  A giant gecko (D)
  An orc (D)
  2 bats (D)
  A bat skeleton (D)
  A goblin (D)
  2 kobolds (D)
  A giant cockroach (D)
19 creatures vanquished.

Notes
Turn   | Place    | Note
--------------------------------------------------------------
     0 | D        | Monkaria, the Hill Orc Fighter, began the quest for the Orb.
     0 | D        | Reached XP level 1. HP: 19/19 MP: 1/1
    16 | D        | Reached skill level 4 in Fighting
    22 | D        | Reached XP level 2. HP: 24/28 MP: 2/2
    61 | D        | Noticed a worker ant
    61 | D        | Noticed an ice beast
    83 | D        | Killed an ice beast
    83 | D        | Reached skill level 7 in Fighting
    83 | D        | Reached skill level 8 in Long Blades
    83 | D        | Reached XP level 3. HP: 18/39 MP: 3/3
    83 | D        | Reached XP level 4. HP: 21/47 MP: 4/4
   101 | D        | Killed a worker ant
   101 | D        | Reached skill level 9 in Long Blades
   101 | D        | Reached XP level 5. HP: 6/53 MP: 5/5
   372 | D        | Found a glowing silver altar of Zin.
   372 | D        | Found a glowing golden altar of the Shining One.
   372 | D        | Found an ancient bone altar of Kikubaaqudgha.
   372 | D        | Found a basalt altar of Yredelemnul.
   372 | D        | Found a shimmering altar of Xom.
   372 | D        | Found a radiant altar of Vehumet.
   372 | D        | Found an iron altar of Okawaru.
   373 | D        | Found a burning altar of Makhleb.
   374 | D        | Found a deep blue altar of Sif Muna.
   375 | D        | Found a bloodstained altar of Trog.
   376 | D        | Found a sparkling altar of Nemelex Xobeh.
   377 | D        | Found a white marble altar of Elyvilon.
   378 | D        | Found a roughly hewn altar of Beogh.
   379 | D        | Became a worshipper of Xom of Chaos
   380 | D        | Found a viscous altar of Jiyva.
   381 | D        | Found a corrupted altar of Lugonu.
   382 | D        | Found a blossoming altar of Fedhas.
   383 | D        | Found a snail-covered altar of Cheibriados.
   384 | D        | Found a shadowy altar of Dithmenos.
   385 | D        | Found a stormy altar of Qazlal.
   386 | D        | Found an opulent altar of Gozag.
   387 | D        | Found a sacrificial altar of Ru.
   405 | D        | Got the +2 scimitar of Defiance {freeze, MR+ Stlth+}
   441 | D        | Noticed a jelly
   441 | D        | Noticed a centaur
   441 | D        | Noticed a worker ant
   450 | D        | Killed a worker ant
   452 | D        | XOM: harmless Pois miscast
   454 | D        | XOM: mild Summ miscast
   464 | D        | Killed a centaur
   464 | D        | Reached skill level 10 in Long Blades
   464 | D        | Reached XP level 6. HP: 30/63 MP: 6/6
   468 | D        | Killed a jelly
   468 | D        | Reached skill level 11 in Long Blades
   632 | D        | Noticed a hippogriff
   632 | D        | Noticed a giant frog
   632 | D        | Noticed a manticore
   632 | D        | Noticed a cyclops
   632 | D        | Noticed a hill giant
   632 | D        | Noticed an efreet
   635 | D        | Killed a hill giant
   635 | D        | Reached skill level 13 in Long Blades
   635 | D        | Reached XP level 7. HP: 31/74 MP: 7/7
   638 | D        | HP: 2/74 [efreet/scimitar of flaming (7)]
   640 | D        | Killed a manticore
   640 | D        | Reached skill level 15 in Long Blades
   640 | D        | Reached XP level 8. HP: 25/85 MP: 8/8
   641 | D        | Killed from afar by an efreet

Action                   |  1- 3 |  4- 6 |  7- 9 || total
-------------------------+-------+-------+-------++-------
Melee: Long sword        |    38 |    18 |       ||    56
       Scimitar          |       |    22 |     2 ||    24
Evoke: Wand              |       |     2 |     2 ||     4
  Use: Potion            |     1 |       |     3 ||     4
